 Dungeon Crawl Stone Soup version 0.24-a0-415-g6d73c25c48 (webtiles) character file.

Game seed: 13918870555345076465

214 Gargoyl the Skirmisher (level 5, -2/69 HPs)
             Began as a Centaur Abyssal Knight on June 7, 2019.
             Was a Believer of Lugonu.
             Slain by a killer bee (5 damage)
             ... on level 4 of the Dungeon.
             The game lasted 00:06:28 (3111 turns).

Gargoyl the Skirmisher (Centaur Abyssal Knight)     Turns: 3111, Time: 00:06:29

Health: -2/69      AC: 22    Str: 15    XL:     5   Next: 59%
Magic:  7/7        EV:  1    Int: 16    God:    Lugonu [**....]
Gold:   132        SH:  7    Dex:  9    Spells: 4/4 levels left

rFire    . . .     SeeInvis .   a - +2 hand axe
rCold    . . .     Gourm    .   k - +0 shield
rNeg     + + +     Faith    .   (armour currently unavailable)
rPois    +         Spirit   .   (helmet currently unavailable)
rElec    .         Reflect  .   (cloak currently unavailable)
rCorr    .         Harm     .   (gloves currently unavailable)
MR       .....     NoTele   +   (no barding)
Stlth    +.........             d - amulet of the acrobat
HPRegen  0.21/turn              (no ring)
MPRegen  0.10/turn              (no ring)

@: brilliant, lethally poisoned (-2 -> -6), tree-form
A: large
a: Depart the Abyss, Bend Space, Renounce Religion


You were on level 4 of the Dungeon.
You worshipped Lugonu.
Lugonu was pleased with you.
You were not hungry.
You were a tree.
You visited 1 branch of the dungeon, and saw 4 of its levels.
You visited the Abyss 1 time.

You collected 132 gold pieces.

Inventory:

Hand Weapons
 a - a +2 hand axe (weapon)
Armour
 b - a +0 chain mail (melded)
 k - a +0 shield (worn)
Jewellery
 d - an amulet of the acrobat (around neck)
Wands
 n - a wand of iceblast (10)
Scrolls
 f - 2 scrolls of teleportation
 g - a scroll of enchant weapon
 h - 2 scrolls of remove curse
 l - a scroll of identify
 m - a scroll of immolation {unknown}
 o - a scroll of magic mapping {unknown}
Potions
 e - 2 potions of resistance
 j - a potion of curing
 p - a potion of heal wounds
Comestibles
 c - 5 rations
 r - a chunk of flesh


   Skills:
 + Level 3.6 Fighting
 + Level 2.9 Axes
 * Level 2.4 Armour
 * Level 1.7 Dodging
 + Level 0.4 Shields
 * Level 3.1 Invocations


You had 4 spell levels left.
You didn't know any spells.
Your spell library was empty.

Dungeon Overview and Level Annotations

Branches:
Dungeon (4/15)
 Temple: D:4-7

Altars:
Dithmenos
Hepliaklqana
Kikubaaqudgha


Innate Abilities, Weirdness & Mutations

((You have hooves in place of feet.))
((Armour fits poorly on your strangely shaped body.))
((You cover ground very quickly.))
((You have extremely tough skin. (AC +3)))


Message History

It was a potion of lignification.
You turn into a tree.
Your +0 chain mail melds into your body.
Your roots penetrate the ground.
You feel sick.
The killer bee stings you but does no damage. x2
You miss the killer bee.
The killer bee is lightly wounded.
You feel sick.
The killer bee stings you but does no damage.
You block the killer bee's attack.
You closely miss the killer bee.
The killer bee is lightly wounded.
You feel sick. The killer bee stings you.
* * * LOW HITPOINT WARNING * * *
The killer bee stings you but does no damage. x2
You barely miss the killer bee.
The killer bee is lightly wounded.
The killer bee stings you.
* * * LOW HITPOINT WARNING * * *
The killer bee stings you.
You die...

...).......#.............
...........#.............
...........#.............
.......÷...'.†...........
...........#.............
....(......#.............
...........#.............
#############'##y#.........)...
...............#♣#####......##+
...............+.....#......#
†..............#.....#......#
...............#.....#......#
............<..####+##......#
...############... ...'......#
.... ...#......# ....
...#......# ...


You could see a killer bee.

Vanquished Creatures
  An orc priest (D:2)
  An orc wizard (D:1)
  Natasha (D:4)
  6 adders
  2 oozes
  A dart slug (D:1)
  A leopard gecko (D:2)
  5 orcs
  3 bats
  2 giant cockroaches
  4 goblins
  7 hobgoblins
  11 jackals
  2 quokkas
  A ball python (D:2)
  3 frilled lizards
  7 kobolds
  6 rats
64 creatures vanquished.

Notes
Turn   | Place    | Note
-------+----------+-------------------------------------------
     0 | Abyss:1  | Gargoyl the Centaur Abyssal Knight began the quest for the
                  | Orb.
     0 | Abyss:1  | Reached XP level 1. HP: 19/19 MP: 2/2
    64 | Abyss:1  | Noticed a ynoxinul
    65 | D:1      | Escaped the Abyss
   232 | D:1      | Reached * piety under Lugonu
   269 | D:1      | Reached XP level 2. HP: 21/26 MP: 3/3
  1105 | D:2      | Reached skill level 1 in Dodging
  1147 | D:2      | Reached XP level 3. HP: 20/31 MP: 4/4
  1536 | D:1      | Reached XP level 4. HP: 22/38 MP: 5/5
  1736 | D:2      | Reached ** piety under Lugonu
  2005 | D:2      | Reached XP level 5. HP: 13/45 MP: 7/7
  2597 | D:3      | Found a hazy altar of Hepliaklqana.
  2645 | D:3      | Found a shadowy altar of Dithmenos.
  2646 | D:3      | Found an ancient bone altar of Kikubaaqudgha.
  3055 | D:4      | Noticed Natasha
  3062 | D:4      | Killed Natasha
  3111 | D:4      | HP: 3/69 [killer bee (2)]
  3111 | D:4      | Slain by a killer bee

Levels and vault maps discovered:
D:1:      dpeg_arrival_central, layout_basic, minmay_misc_feat_alley,
          minmay_splitting_lines, minmay_crystal_water
D:2:      layout_loops_ring, first_ration
D:3:      layout_loops_cross, overflow_temple_1_default,
          gammafunk_temple_overflow_statue, serial_glass, glass_columns_a,
          glass_columns_a, glass_columns_b, glass_columns_b, glass_columns_a,
          glass_columns_a, glass_columns_c, glass_columns_a
D:4:      layout_gridville, nicolae_overflow_hidden_temple, uniq_sigmund,
          uniq_natasha

Skill      XL: |  1  2  3  4  5 |
---------------+----------------+-----
Axes           | 2 |  2.9
Dodging        | 1 |  1.7
Armour         | 2 |  2.4
Invocations    | 3 |  3.1
Fighting       | |  3.6
Shields        | |  0.4

Action                   |  1- 3 |  4- 6 || total
-------------------------+-------+-------++-------
Melee: Hand axe          |    73 |   104 ||   177
       Kick              |    14 |    14 ||    28
Invok: Depart the Abyss  |     1 |       ||     1
  Use: Scroll            |     4 |     2 ||     6
       Potion            |     2 |     4 ||     6
  Eat: Chunk             |       |     5 ||     5
Armor: Leather armour    |    33 |    10 ||    43
       Ring mail         |       |    29 ||    29
       Chain mail        |       |    35 ||    35
       Skin              |       |     5 ||     5
Dodge: Dodged            |    79 |    33 ||   112
Block: Shield            |    29 |    44 ||    73

Table legend:
 A = Non-vault XP
 B = Vault XP
 C = Vault XP percentage of total XP
 D = Non-vault monster count
 E = Vault monster count
 F = Vault count percentage of total count
                 A         B        C        D         E       F
            +---------+---------+-------+---------+---------+-------
      Total |     271 |      35 |  11.4 |      63 |       1 |   1.6
            +---------+---------+-------+---------+---------+-------
        D:1 |      93 |       0 |   0.0 |      25 |       0 |   0.0
        D:2 |     112 |       0 |   0.0 |      23 |       0 |   0.0
        D:3 |      32 |       0 |   0.0 |       9 |       0 |   0.0
        D:4 |      34 |      35 |  50.7 |       6 |       1 |  14.3
            +---------+---------+-------+---------+---------+-------
